[Event "Titled Tuesday Blitz August 08 Late 2023"]
[White "Santos Flores, Alberto"]
[Black "Tristan, Leonardo"]
[WhiteFideId "3601234"]
[BlackFideId "113816"]
[WhiteElo "2551"]
[BlackElo "2776"]
[Result "1/2-1/2"]
[Round "8"]
[TimeControl "180+1"]
[Date "2023.08.08"]
[WhiteClock "0:00:09"]
[BlackClock "0:00:14"]
[Board "43"]

1. e4 d5 2. exd5 Qxd5 3. Nf3 Bg4 4. Be2 Nc6 5. d4 O-O-O 6. Be3 e5 7. c4 Bb4+ 8. Nbd2 Qa5 9. d5 Bxf3 10. Bxf3 Nd4 11. a3 Bxd2+ 12. Bxd2 Qa6 13. Be2 Nf6 14. Bc3 Rhe8 15. Bxd4 exd4 16. O-O Kb8 17. Re1 Qb6 18. b4 Ne4 19. Bd3 f5 20. Qf3 Qg6 21. Qf4 Ng5 22. Kf1 Rf8 23. Qxd4 Qh6 24. Qf4 Rf6 25. h4 Nf7 26. Qxh6 Nxh6 27. Re7 Ng4 28. Rxg7 Ne5 29. Be2 h6 30. f4 Nf7 31. Re1 Nd6 32. Bd3 c6 33. c5 Ne8 34. Rge7 Nc7 35. d6 Nd5 36. Re8 Kc8 37. Rxd8+ Kxd8 38. g3 b6 39. Bc4 Nc3 40. Re7 bxc5 41. bxc5 Ne4 42. Rxa7 Nxc5 43. Rf7 Rxd6 44. Rxf5 Ne4 45. Kg2 Rd4 46. Bf7 c5 47. Re5 c4 48. Bg6 Nd2 49. f5 Rd6 50. h5 c3 51. Rc5 Ne4 52. Rc4 Nf6 53. Rxc3 Ke7 54. Rc7+ Kd8 55. Rf7 Ne4 56. g4 Rd2+ 57. Kf3 Ng5+ 58. Kf4 Nxf7 59. Bxf7 Ke7 60. Bg6 Kf6 61. Ke4 Ra2 62. Kf4 Rxa3 63. Ke4 Ra4+ 64. Kf3 Kg5 65. Ke3 Ra3+ 66. Ke4 Ra5 67. Bf7 Kf6 68. Bg6 Ra4+ 69. Kf3 Kg5 70. Ke3 Rxg4 71. Kf3 Rf4+ 72. Ke3 Ra4 73. Kf3 Ra3+ 74. Ke4 Ra5 75. Kf3 Kf6 76. Kf4 Ra4+ 77. Kf3 Ke5 78. Kg3 Ra1 79. Kf3 Rg1 80. Ke3 Rg3+ 81. Kf2 Rg5 82. Kf3 Kf6 83. Kf4 Rg1 84. Kf3 Rb1 85. Kf4 Rb4+ 86. Kf3 Rb6 87. Kf4 Rc6 88. Ke4 Ra6 89. Kf4 Ra5 90. Ke4 Re5+ 91. Kf4 Re7 92. Kg4 Re4+ 93. Kf3 Ke5 94. Kg3 Rf4 95. Kg2 Kf6 96. Kg3 Kg5 97. Kg2 Kg4 98. Bh7 Rb4 99. Bg6 Rb2+ 100. Kf1 Kf3 101. Ke1 Rb6 102. Kd2 Rd6+ 103. Ke1 Rb6 104. Kd2 Ra6 105. Ke1 Ke3 106. Kf1 Kf3 107. Ke1 Rd6 108. Be8 Kf4 109. Bg6 Kf3 110. Be8 Rd8 111. Bg6 Rd7 112. f6 Kf4 113. f7 Rd8 114. Ke2 Kg5 115. Ke3 Kf6 116. Kf4 Kg7 117. Kf5 Rd5+ 118. Ke6 Ra5 119. Ke7 Ra8 120. Ke6 Ra7 121. Ke5 Re7+ 122. Kf5 Rc7 123. Ke6 Ra7 124. Kf5 Ra6 125. Ke5 Rf6 126. Ke4 Kf8 127. Ke5 Rf1 128. Ke6 Re1+ 129. Kf6 Re3 130. Kf5 Ke7 131. Kf4 Re6 132. Kf5 Rf6+ 133. Ke5 Rf1 134. Ke4 Kd6 135. Ke3 Ke5 136. Ke2 Rf6 137. Ke3 Rf4 138. Ke2 Kd4 139. Kd2 Rf2+ 140. Ke1 Ke3 141. Kd1 Rf6 142. Ke1 Rf4 143. Kd1 Rf2 144. Ke1 Ra2 145. Kd1 Ra8 146. Kc2 Rd8 147. Kc1 Kf4 148. Kc2 Ke5 149. Kc3 Kf6 150. Kc4 Ke7 151. Kc5 Rd6 152. Kc4 Rf6 153. Kd4 Rxf7 154. Bxf7 Kxf7 155. Ke5 Kg7 156. Ke6 Kh7 157. Kf7 Kh8 158. Kg6 Kg8 159. Kxh6 Kh8 160. Kg6 Kg8 161. Kf6 Kh8 162. Kg5 Kg8 163. h6 Kh8 164. Kh5 Kg8 165. Kg6 Kh8 166. h7 1/2-1/2


[Site "https://www.chess.com"]

[Event "Titled Tuesday Blitz August 08 Late 2023"]
[White "Aradhya, Garg"]
[Black "Sam, Gabriel"]
[WhiteFideId "25006746"]
[BlackFideId "75000776"]
[WhiteElo "2734"]
[BlackElo "2545"]
[Result "1-0"]
[Round "8"]
[TimeControl "180+1"]
[Date "2023.08.08"]
[WhiteClock "0:02:32"]
[BlackClock "0:01:02"]
[Board "44"]

1. d4 Nf6 2. c4 e6 3. Nf3 Bb4+ 4. Bd2 Qe7 5. g3 O-O 6. Bg2 Bxd2+ 7. Qxd2 d6 8. Nc3 e5 9. O-O Re8 10. dxe5 dxe5 11. Nd5 Nxd5 12. cxd5 Na6 13. e4 Nc5 14. Qe3 a5 15. Rac1 b6 16. Nd2 Ba6 17. Nc4 Bxc4 18. Rxc4 g6 19. Rfc1 Qd6 20. h4 h5 21. b3 Kg7 22. a3 Ra7 23. b4 axb4 24. axb4 Nd7 25. Qc3 Re7 26. Rc6 1-0


[Site "https://www.chess.com"]

[Event "Titled Tuesday Blitz August 08 Late 2023"]
[White "Tejedor Fuente, Enrique"]
[Black "Hnydiuk, Aleksander"]
[WhiteFideId "2299100"]
[BlackFideId "1109057"]
[WhiteElo "2730"]
[BlackElo "2542"]
[Result "0-1"]
[Round "8"]
[TimeControl "180+1"]
[Date "2023.08.08"]
[WhiteClock "0:00:00"]
[BlackClock "0:00:07"]
[Board "45"]

1. Nc3 d5 2. d4 Bf5 3. Bf4 e6 4. e3 Bb4 5. Ne2 Nf6 6. a3 Bd6 7. h3 O-O 8. f3 c5 9. g4 Bg6 10. h4 h5 11. g5 cxd4 12. Bxd6 Qxd6 13. exd4 Nfd7 14. Qd2 Nc6 15. Nf4 e5 16. Nxg6 fxg6 17. dxe5 Qxe5+ 18. Be2 Qg3+ 19. Kd1 Rae8 20. Qxd5+ Kh8 21. Ne4 Qg2 22. Re1 Nde5 23. Kc1 Nxf3 24. Bxf3 Qxf3 25. Kb1 Re5 26. Qd3 Qf5 27. Ka2 Qe6+ 28. Qb3 Qxb3+ 29. cxb3 Rfe8 30. b4 Rxe4 31. Rf1 Rxh4 32. b5 Nd4 33. Rf7 Nxb5 34. Rxb7 a6 35. Rc1 Rh2 36. Ka1 h4 37. a4 Nd4 38. Rcc7 Nf5 39. Rb3 h3 40. Rcc3 Rh1+ 41. Ka2 h2 42. Rh3+ Kg8 43. Rbd3 Re3 44. Rd8+ Kf7 45. Rhh8 Ne7 46. Rd4 Re5 47. Rf4+ Rf5 48. Rfh4 Rf2 49. Ka3 Ra1+ 50. Kb3 Rb1 51. Kc3 Rbxb2 52. Rh3 Rbc2+ 53. Kd4 Rfd2+ 54. Ke5 Rc5+ 55. Ke4 Rc4+ 56. Ke3 Rdc2 57. Rxh2 R4c3+ 58. Ke4 Rc4+ 59. Kd3 Rxh2 60. Rxh2 Rxa4 61. Rf2+ Nf5 62. Rb2 Ra3+ 63. Kc4 Rg3 64. Kd5 Ne7+ 65. Kd6 Rd3+ 66. Ke5 Rf3 67. Ke4 Rf5 68. Ra2 a5 69. Rg2 a4 70. Rg1 Ra5 71. Ra1 a3 72. Kd4 a2 73. Kc3 Ke6 74. Kb2 Nc6 75. Re1+ Ne5 76. Ka1 Kf5 77. Rf1+ Kxg5 78. Rd1 Kf5 79. Rf1+ Ke6 80. Rg1 Kf6 81. Rf1+ Ke7 82. Rg1 Ra6 83. Re1 Kf6 84. Rf1+ Kg5 85. Rg1+ Kf4 86. Rc1 Nd3 87. Rf1+ Ke3 88. Rf3+ Ke2 89. Re3+ Kd2 90. Re2+ Kc3 91. Rc2+ Kd4 92. Rc4+ Kd5 93. Rd4+ Kc5 94. Rd5+ Kb4 0-1


[Site "https://www.chess.com"]

[Event "Titled Tuesday Blitz August 08 Late 2023"]
[White "Alex_Sahakyan2006"]
[Black "Papayan, Oleg"]
[BlackFideId "4193911"]
[WhiteElo "2709"]
[BlackElo "2541"]
[Result "1-0"]
[Round "8"]
[TimeControl "180+1"]
[Date "2023.08.08"]
[WhiteClock "0:00:15"]
[BlackClock "0:00:00"]
[Board "46"]

1. e4 d5 2. exd5 Qxd5 3. Nc3 Qd8 4. d4 c6 5. Nf3 Bf5 6. Ne5 Nd7 7. Nxd7 Qxd7 8. Bd3 Nf6 9. Bxf5 Qxf5 10. Be3 e6 11. Qe2 Bb4 12. O-O O-O 13. Rfd1 Rfd8 14. Qd3 Qxd3 15. Rxd3 Kf8 16. Ne2 Rd7 17. Rad1 Rad8 18. h3 a6 19. Bg5 Be7 20. Kf1 Ne4 21. Bxe7+ Kxe7 22. f3 Nf6 23. Kf2 g5 24. g4 h5 25. a4 Rh8 26. Kg2 Rh6 27. Rb3 a5 28. Ng3 hxg4 29. hxg4 Nd5 30. Nh5 f5 31. Re1 Kd6 32. Re5 Rdh7 33. c4 Rxh5 34. gxh5 Nf4+ 35. Kf2 Rxh5 36. Rxa5 Rh2+ 37. Kf1 Rh1+ 38. Kf2 Rh2+ 39. Kg1 Rc2 40. Rxb7 Ne2+ 41. Kf2 Nxd4+ 42. Ke3 e5 43. Rg7 Rxb2 44. Rg6+ Kc7 45. Rxe5 Nc2+ 46. Kd3 Nb4+ 47. Kc3 Rb1 48. Rxf5 Kb6 49. a5+ Ka6 50. Rfxg5 Na2+ 51. Kc2 Rb4 52. Rc5 Kb7 53. Rgxc6 Ra4 54. Rb6+ Ka7 55. Kb3 Rxa5 56. Rxa5+ Kxb6 57. Rb5+ Kc6 58. Kxa2 1-0


[Site "https://www.chess.com"]

[Event "Titled Tuesday Blitz August 08 Late 2023"]
[White "reevecanada"]
[Black "Jimenez Martinez, Jose Vicente"]
[BlackFideId "2264021"]
[WhiteElo "2541"]
[BlackElo "2703"]
[Result "1-0"]
[Round "8"]
[TimeControl "180+1"]
[Date "2023.08.08"]
[WhiteClock "0:01:15"]
[BlackClock "0:00:05"]
[Board "47"]

1. e4 d6 2. d4 g6 3. Bd3 Bg7 4. c3 Nf6 5. Ne2 O-O 6. h4 c5 7. Bg5 cxd4 8. cxd4 Nc6 9. Nbc3 Qb6 10. Qd2 Nxd4 11. Bxf6 Bxf6 12. Nd5 Nf3+ 13. gxf3 Qxb2 14. Qxb2 Bxb2 15. Nxe7+ Kg7 16. Rb1 Ba3 17. Nxc8 Rfxc8 18. Rxb7 Rcb8 19. Rxb8 Rxb8 20. Kd2 Rb2+ 21. Bc2 Rxa2 22. Rb1 Bc5 23. Rb7 a5 24. Nc1 Ra1 25. Bb3 Bxf2 26. Rxf7+ Kh6 27. h5 gxh5 28. Be6 a4 29. f4 Bg3 30. Nd3 Rf1 31. Bf5 Bxf4+ 32. Ke2 Rh1 33. Nxf4 a3 34. Ne6 h4 35. Rxh7# 1-0


[Site "https://www.chess.com"]

[Event "Titled Tuesday Blitz August 08 Late 2023"]
[White "ArtemDyachuk"]
[Black "Fiorito, Joaquin"]
[BlackFideId "180173"]
[WhiteElo "2538"]
[BlackElo "2692"]
[Result "1-0"]
[Round "8"]
[TimeControl "180+1"]
[Date "2023.08.08"]
[WhiteClock "0:00:59"]
[BlackClock "0:00:00"]
[Board "48"]

1. e4 c5 2. Nf3 d6 3. d4 cxd4 4. Nxd4 Nf6 5. Nc3 a6 6. h3 e5 7. Nde2 b5 8. g4 Bb7 9. Bg2 Be7 10. O-O O-O 11. Be3 Nbd7 12. f4 exf4 13. Bxf4 Nc5 14. Ng3 b4 15. Nd5 Nxd5 16. exd5 Bf6 17. Nf5 Bxb2 18. Rb1 Be5 19. Rxb4 Bc8 20. Bxe5 dxe5 21. d6 Ra7 22. Ne7+ Rxe7 23. dxe7 Qxe7 24. Qe2 Ne6 25. Rb8 f6 26. Rfb1 Qc5+ 27. Qf2 Nd4 28. Ra8 f5 29. Rbb8 Ne2+ 30. Kf1 Nd4 31. Bb7 Qc4+ 32. Kg1 Ne2+ 33. Kh2 h6 34. Rxc8 fxg4 35. Rxc4 1-0


[Site "https://www.chess.com"]

[Event "Titled Tuesday Blitz August 08 Late 2023"]
[White "Matinian, Nikita"]
[Black "Grossboss19"]
[WhiteFideId "24129100"]
[WhiteElo "2689"]
[BlackElo "2532"]
[Result "1/2-1/2"]
[Round "8"]
[TimeControl "180+1"]
[Date "2023.08.08"]
[WhiteClock "0:00:11"]
[BlackClock "0:00:02"]
[Board "49"]

1. e4 c6 2. d4 d5 3. e5 c5 4. Nf3 cxd4 5. Qxd4 Nc6 6. Qf4 e6 7. Bd3 Nb4 8. O-O Bd7 9. Bd2 Nxd3 10. cxd3 h6 11. Bb4 Ne7 12. Nc3 Ng6 13. Qd4 Qb6 14. Bxf8 Qxd4 15. Nxd4 Rxf8 16. f4 f6 17. exf6 Rxf6 18. f5 Nf8 19. fxe6 Bxe6 20. Rxf6 gxf6 21. Nxe6 Nxe6 22. Nxd5 O-O-O 23. Nxf6 Rxd3 24. Rc1+ Kd8 25. Ne4 Re3 26. Rd1+ Ke7 27. Nc3 Re5 28. g3 a6 29. Kf2 b5 30. Nd5+ Kf7 31. Nb4 Rc5 32. Rd7+ Kf6 33. Rd2 a5 34. Nd5+ Ke5 35. Ne3 h5 36. b3 Nd4 37. h3 Ke4 38. g4 h4 39. Nd1 Nf3 40. Re2+ Kf4 41. Ne3 Nd4 42. Ng2+ Kg5 43. Rd2 Rc2 44. Rxc2 Nxc2 45. Ne1 Nb4 46. a4 bxa4 47. bxa4 Nd5 48. Nf3+ Kf4 49. Nxh4 Nc3 50. Ng2+ Kg5 51. Ne3 Nxa4 52. Nc4 Kh4 53. Kg2 Nc3 54. Nd2 Kg5 55. Kg3 Ne2+ 56. Kf2 Nf4 57. Nf3+ Kf6 58. h4 a4 59. Nd4 a3 60. Kf3 a2 61. g5+ Kg6 62. Nb3 Nd5 63. Kg4 Ne3+ 64. Kg3 Nf5+ 65. Kg4 Ne3+ 66. Kh3 Kh5 67. Kg3 Nf5+ 68. Kf4 Nxh4 69. Na1 Ng6+ 70. Kf5 Nh4+ 71. Kf6 Kg4 72. Nb3 Kf3 73. Ke5 Ke3 74. Kd5 Kd3 75. Nc1+ Ke3 76. Nxa2 Kf4 77. g6 Nxg6 1/2-1/2


[Site "https://www.chess.com"]

[Event "Titled Tuesday Blitz August 08 Late 2023"]
[White "Bettalli, Francesco"]
[Black "Rastbod, Ali"]
[WhiteFideId "2816453"]
[BlackFideId "12567477"]
[WhiteElo "2531"]
[BlackElo "2679"]
[Result "1-0"]
[Round "8"]
[TimeControl "180+1"]
[Date "2023.08.08"]
[WhiteClock "0:01:46"]
[BlackClock "0:00:03"]
[Board "50"]

1. e4 d5 2. exd5 Qxd5 3. Nf3 Nf6 4. d4 Nc6 5. c4 Qe4+ 6. Be2 e5 7. d5 Bb4+ 8. Bd2 Nd4 9. Nxd4 exd4 10. Bxb4 a5 11. Ba3 Bg4 12. f3 Qe3 13. fxg4 Nxg4 14. Qd3 Qf2+ 15. Kd2 Ne5 16. Qe4 O-O-O 17. Rf1 Nxc4+ 18. Kc1 1-0


[Site "https://www.chess.com"]

[Event "Titled Tuesday Blitz August 08 Late 2023"]
[White "Ansh M Shah"]
[Black "Hoang, Thi Bao Tram"]
[WhiteFideId "25033379"]
[BlackFideId "12401102"]
[WhiteElo "2526"]
[BlackElo "2670"]
[Result "0-1"]
[Round "8"]
[TimeControl "180+1"]
[Date "2023.08.08"]
[WhiteClock "0:00:03"]
[BlackClock "0:00:14"]
[Board "51"]

1. d4 d5 2. c4 c6 3. cxd5 cxd5 4. Nc3 Nf6 5. Bf4 e6 6. e3 Qb6 7. Bb5+ Bd7 8. Qa4 Nc6 9. Nf3 a6 10. O-O Rc8 11. Be2 Be7 12. Qb3 Qxb3 13. axb3 O-O 14. Rfc1 Nb4 15. Ne5 Rfd8 16. Na4 Bxa4 17. bxa4 Ne4 18. Nf3 f6 19. h3 Kf7 20. g4 g5 21. Bh2 h6 22. Kg2 Nc2 23. Rab1 Nb4 24. Bg3 Bd6 25. Bxd6 Nxd6 26. Nd2 Ke7 27. f3 f5 28. Kf2 Kf6 29. Nb3 b6 30. a5 b5 31. Nc5 Rc6 32. Rc3 f4 33. exf4 gxf4 34. Rd1 Nc4 35. Bxc4 bxc4 36. b3 e5 37. dxe5+ Kxe5 38. Na4 Rdc8 39. bxc4 dxc4 40. Nb6 R8c7 41. Re1+ Kd4 42. Rcc1 Nd3+ 43. Ke2 Nxe1 44. Kxe1 c3 45. Rd1+ Ke3 46. Rd5 Kxf3 47. Rd3+ Kg2 48. Ke2 c2 49. Nd5 Rc4 50. Nxf4+ Rxf4 51. Rd2 Rf2+ 52. Ke3 Rxd2 53. Kxd2 c1=Q+ 0-1


[Site "https://www.chess.com"]

[Event "Titled Tuesday Blitz August 08 Late 2023"]
[White "Eugene, Floryan"]
[Black "Hansen, Torbjorn Ringdal"]
[WhiteFideId "20694784"]
[BlackFideId "1501720"]
[WhiteElo "2663"]
[BlackElo "2524"]
[Result "0-1"]
[Round "8"]
[TimeControl "180+1"]
[Date "2023.08.08"]
[WhiteClock "0:00:20"]
[BlackClock "0:00:30"]
[Board "52"]

1. e4 e5 2. Nf3 Nc6 3. d4 exd4 4. Nxd4 Nf6 5. Nxc6 bxc6 6. e5 Qe7 7. Qe2 Nd5 8. h4 f6 9. Rh3 fxe5 10. c4 Nf6 11. Bg5 d6 12. Ra3 Be6 13. Nd2 h6 14. Be3 Qf7 15. Bxa7 Be7 16. Bc5 O-O 17. Rxa8 Rxa8 18. Be3 d5 19. f3 Bb4 20. a3 dxc4 21. O-O-O c3 22. axb4 Ra1+ 23. Nb1 Bf5 24. Rd8+ Kh7 25. Rd3 Qa2 26. Qc2 Nd5 27. bxc3 Qxc2+ 28. Kxc2 Nxe3+ 29. Kb2 Rxb1+ 0-1


[Site "https://www.chess.com"]

[Event "Titled Tuesday Blitz August 08 Late 2023"]
[White "Chor, Kevin"]
[Black "Weetik, Vjacheslav"]
[WhiteFideId "2090740"]
[BlackFideId "4153472"]
[WhiteElo "2522"]
[BlackElo "2658"]
[Result "0-1"]
[Round "8"]
[TimeControl "180+1"]
[Date "2023.08.08"]
[WhiteClock "0:00:07"]
[BlackClock "0:00:07"]
[Board "53"]

1. e4 c6 2. d4 d5 3. exd5 cxd5 4. c4 Nf6 5. Nc3 e6 6. c5 Be7 7. Bd3 O-O 8. Nf3 b6 9. b4 a5 10. Na4 Nfd7 11. Qc2 Nc6 12. Bxh7+ Kh8 13. a3 axb4 14. cxb6 Nxb6 15. Qxc6 Rxa4 16. Bc2 Bd7 17. Qb7 Ra8 18. Ne5 Bb5 19. a4 Ba6 20. Qc6 Rc8 21. Nxf7+ Rxf7 22. Qxe6 Rxc2 23. Qxf7 Re2+ 24. Kd1 Qc8 25. Bd2 Qg4 26. h3 Rxd2+ 27. Kxd2 Qxd4+ 28. Kc2 Qc3+ 29. Kd1 Qxa1+ 30. Kd2 Qc3+ 31. Kd1 Qd3+ 32. Kc1 Qc4+ 33. Kd1 Qb3+ 34. Kd2 Qb2+ 35. Ke3 Qe5+ 36. Kf3 Qf6+ 37. Qxf6 Bxf6 38. Rc1 Bc3 39. Rd1 Nxa4 40. Ke3 Bb7 41. Rb1 Nb2 42. Ra1 Nc4+ 43. Kf4 Bxa1 44. Kg5 b3 45. Kg6 b2 46. Kf7 b1=Q 47. Kf8 Qf5+ 48. Ke7 Qf6+ 0-1


[Site "https://www.chess.com"]

[Event "Titled Tuesday Blitz August 08 Late 2023"]
[White "Weishaeutel, Moritz"]
[Black "Domingo Nunez, Alejandro"]
[WhiteFideId "12967300"]
[BlackFideId "22245561"]
[WhiteElo "2654"]
[BlackElo "2520"]
[Result "1-0"]
[Round "8"]
[TimeControl "180+1"]
[Date "2023.08.08"]
[WhiteClock "0:00:03"]
[BlackClock "0:00:01"]
[Board "54"]

1. e4 g6 2. d4 Bg7 3. Nf3 c6 4. c4 d5 5. exd5 cxd5 6. Nc3 Nf6 7. cxd5 Nxd5 8. Bc4 Nb6 9. Bb3 Nc6 10. O-O O-O 11. d5 Na5 12. Bg5 Re8 13. Re1 Nac4 14. Qe2 Nd6 15. Rad1 Bg4 16. h3 Bxf3 17. Qxf3 Qd7 18. Re2 Rac8 19. Rde1 Bf8 20. Bf4 Nbc4 21. h4 h5 22. Bc2 Bg7 23. Ne4 Nf5 24. Qh3 Qd8 25. Ng5 Nd4 26. Nxf7 Nxe2+ 27. Rxe2 Qxd5 28. Ng5 Ne5 29. Bxe5 Rxc2 30. Rxc2 Qd1+ 31. Kh2 Bxe5+ 32. g3 Qxc2 33. Qe6+ Kh8 34. Qxe5+ Kg8 35. Qe6+ Kh8 36. Qf7 Qb3 37. Qh7# 1-0


[Site "https://www.chess.com"]

[Event "Titled Tuesday Blitz August 08 Late 2023"]
[White "ATM622"]
[Black "Fisher_TheGalactic"]
[WhiteElo "2516"]
[BlackElo "2650"]
[Result "1-0"]
[Round "8"]
[TimeControl "180+1"]
[Date "2023.08.08"]
[WhiteClock "0:01:42"]
[BlackClock "0:00:51"]
[Board "55"]

1. d4 d5 2. c4 e6 3. Nf3 Nf6 4. g3 Bb4+ 5. Bd2 Bxd2+ 6. Nbxd2 O-O 7. Bg2 c6 8. O-O Nbd7 9. Qc2 Nb6 10. b3 Qe7 11. e4 dxe4 12. Nxe4 Rd8 13. Rfd1 Nbd7 14. Ne5 Nxe4 15. Bxe4 Nf6 16. Bg2 Bd7 17. Qc3 Be8 18. b4 Rd6 19. a4 a6 20. Bf3 h6 21. Qb2 Nh7 22. b5 axb5 23. axb5 Rxa1 24. Rxa1 cxb5 25. cxb5 Ng5 26. Bg2 Rb6 27. Ra8 Kh7 28. Qc2+ Kg8 29. Qc8 Kf8 30. Nd7+ 1-0


[Site "https://www.chess.com"]

[Event "Titled Tuesday Blitz August 08 Late 2023"]
[White "Ibadov, Dashgyn"]
[Black "Salemgareev, Tagir"]
[WhiteFideId "24107514"]
[BlackFideId "24199052"]
[WhiteElo "2514"]
[BlackElo "2650"]
[Result "1-0"]
[Round "8"]
[TimeControl "180+1"]
[Date "2023.08.08"]
[WhiteClock "0:00:26"]
[BlackClock "0:00:14"]
[Board "56"]

1. e4 c5 2. Nf3 d6 3. d4 cxd4 4. Nxd4 Nf6 5. Nc3 a6 6. Bg5 Nbd7 7. Qe2 h6 8. Bh4 g6 9. f4 e5 10. O-O-O Qc7 11. fxe5 dxe5 12. Nb3 b5 13. Nd5 Nxd5 14. exd5 Bd6 15. Kb1 Kf8 16. Nd2 Nc5 17. Bf6 Rh7 18. g4 h5 19. gxh5 Rxh5 20. Bg2 Bf5 21. Bf3 Rh7 22. Ne4 Nxe4 23. Bxe4 Bxe4 24. Qxe4 Rc8 25. h4 Qc4 26. Qg2 Rh5 27. Bg5 a5 28. Rhf1 a4 29. Qf3 Rc5 30. Qxf7# 1-0


[Site "https://www.chess.com"]

[Event "Titled Tuesday Blitz August 08 Late 2023"]
[White "Yu, Jennifer"]
[Black "Hua, Lefong"]
[WhiteFideId "2078341"]
[BlackFideId "2602253"]
[WhiteElo "2511"]
[BlackElo "2647"]
[Result "0-1"]
[Round "8"]
[TimeControl "180+1"]
[Date "2023.08.08"]
[WhiteClock "0:00:18"]
[BlackClock "0:01:05"]
[Board "57"]

1. d4 Nf6 2. c4 c5 3. d5 e6 4. Nc3 exd5 5. cxd5 d6 6. e4 g6 7. g3 Bg7 8. Bg2 O-O 9. Nge2 a6 10. a4 Re8 11. O-O Nbd7 12. h3 Rb8 13. a5 b5 14. axb6 Rxb6 15. Qc2 Rb4 16. Bf4 Ne5 17. Nc1 Rb8 18. Bxe5 Rxe5 19. f4 Re8 20. Nd3 Nd7 21. Rae1 c4 22. Nf2 Qb6 23. Re2 Nc5 24. Kh2 Nb3 25. Qd1 Bd7 26. Ng4 Qd4 27. Ne3 f5 28. e5 dxe5 29. fxe5 Bxe5 30. Qe1 f4 31. Nc2 fxg3+ 32. Kh1 Qd3 33. Be4 g2+ 34. Kxg2 Qxh3+ 35. Kg1 Bg3 36. Qd1 Bg4 37. Bg2 Qh2# 0-1


[Site "https://www.chess.com"]

[Event "Titled Tuesday Blitz August 08 Late 2023"]
[White "Domingo Nunez, Ruben"]
[Black "Grinev, Valeriy"]
[WhiteFideId "22245570"]
[BlackFideId "14117517"]
[WhiteElo "2631"]
[BlackElo "2509"]
[Result "0-1"]
[Round "8"]
[TimeControl "180+1"]
[Date "2023.08.08"]
[WhiteClock "0:00:12"]
[BlackClock "0:00:21"]
[Board "58"]

1. Nf3 c5 2. c4 Nc6 3. g3 g6 4. Bg2 Bg7 5. Nc3 Nf6 6. d3 O-O 7. Bd2 d5 8. cxd5 Nxd5 9. Qc1 Nxc3 10. Bxc3 e5 11. h4 h5 12. Bd2 Qb6 13. Bh6 Bg4 14. Bxg7 Kxg7 15. Nh2 Be6 16. g4 hxg4 17. h5 Rh8 18. hxg6 Kxg6 19. f3 g3 20. Nf1 Rxh1 21. Bxh1 Rh8 22. Nxg3 Qb4+ 23. Qd2 Qf4 24. O-O-O Qxg3 25. f4 Qxf4 26. e3 Qh2 27. Qc3 Nb4 28. Kb1 Bxa2+ 29. Ka1 Be6 30. Qxc5 Qxh1 31. Qc1 Qd5 32. Qb1 0-1


[Site "https://www.chess.com"]

[Event "Titled Tuesday Blitz August 08 Late 2023"]
[White "Vaibhav Jayant Raut"]
[Black "Toncheva, Nadya"]
[WhiteFideId "5089034"]
[BlackFideId "2924056"]
[WhiteElo "2603"]
[BlackElo "2504"]
[Result "0-1"]
[Round "8"]
[TimeControl "180+1"]
[Date "2023.08.08"]
[WhiteClock "0:00:15"]
[BlackClock "0:00:08"]
[Board "59"]

1. e4 c5 2. Nf3 Nc6 3. d4 cxd4 4. Nxd4 g6 5. Nc3 Bg7 6. Be3 Nf6 7. f3 O-O 8. Bc4 d6 9. O-O Bd7 10. Qd2 a6 11. Nxc6 bxc6 12. Bb3 Rb8 13. Bh6 Qa5 14. Bxg7 Kxg7 15. Rad1 Be6 16. Kh1 Nd7 17. Qd4+ Qe5 18. Qe3 Nc5 19. f4 Qh5 20. f5 Bxb3 21. axb3 f6 22. Rf3 g5 23. Rh3 Qf7 24. e5 fxe5 25. Qxg5+ Kh8 26. Rf1 Rg8 27. Qh4 a5 28. f6 Rb4 29. Qh6 Rg6 30. Qh5 exf6 31. Rhf3 Kg7 32. Qf5 Rbg4 33. R3f2 Ne6 34. Ne2 R6g5 35. Qd3 d5 36. Ng3 Nf4 37. Qf3 Qg6 38. Ra1 Rxg3 39. hxg3 Rxg3 40. Rxa5 Rxf3 41. gxf3 Qh5+ 42. Kg1 Nh3+ 43. Kf1 Nxf2 44. Kxf2 Qh2+ 45. Ke3 Qxc2 46. Ra7+ Kg6 0-1


[Site "https://www.chess.com"]

[Event "Titled Tuesday Blitz August 08 Late 2023"]
[White "Remolar Gallen, Jose"]
[Black "Vlassov, Nikolai"]
[WhiteFideId "2215187"]
[BlackFideId "4103360"]
[WhiteElo "2502"]
[BlackElo "2585"]
[Result "0-1"]
[Round "8"]
[TimeControl "180+1"]
[Date "2023.08.08"]
[WhiteClock "0:00:00"]
[BlackClock "0:00:18"]
[Board "60"]

1. e4 Nc6 2. Nc3 Nf6 3. d4 d5 4. e5 Nd7 5. f4 Nb6 6. Nf3 Bg4 7. Bd3 Bxf3 8. Qxf3 Nxd4 9. Qf2 Nc6 10. Bd2 e6 11. O-O-O g6 12. g4 Qd7 13. Rde1 O-O-O 14. h4 h5 15. f5 hxg4 16. fxg6 fxg6 17. Bxg6 Nc4 18. Bf4 Bb4 19. Qg3 d4 20. Rd1 dxc3 21. Rxd7 cxb2+ 22. Kb1 Rxd7 23. Qb3 Rd4 24. Bd3 N4xe5 25. Qxe6+ Nd7 26. Bf5 Rxf4 27. Qxd7+ Kb8 28. Rd1 a5 29. h5 Rd8 30. Qxd8+ Nxd8 31. Rxd8+ Ka7 32. h6 Rxf5 33. h7 Bc3 0-1


[Site "https://www.chess.com"]

[Event "Titled Tuesday Blitz August 08 Late 2023"]
[White "Musovic, Armin"]
[Black "Bochnicka, Vladimir"]
[WhiteFideId "939935"]
[BlackFideId "14943450"]
[WhiteElo "2584"]
[BlackElo "2500"]
[Result "1-0"]
[Round "8"]
[TimeControl "180+1"]
[Date "2023.08.08"]
[WhiteClock "0:00:41"]
[BlackClock "0:00:34"]
[Board "61"]

1. a3 d5 2. Nc3 Nf6 3. d3 e5 4. Bg5 Be7 5. e4 d4 6. Nce2 h6 7. Bh4 Be6 8. h3 c5 9. Bg3 Nc6 10. Nf3 Nd7 11. Bh2 b5 12. Ng3 g6 13. Be2 c4 14. O-O O-O 15. Qd2 Kh7 16. Kh1 a5 17. a4 Bb4 18. c3 cxd3 19. cxb4 dxe2 20. Nxe2 Nxb4 21. Nxe5 d3 22. Nd4 Nxe5 23. Bxe5 Bc4 24. b3 f6 25. bxc4 fxe5 26. Ne6 Qd6 27. Nxf8+ Rxf8 28. axb5 Qd4 29. Rxa5 Qxc4 30. Ra7+ Kg8 31. Qxh6 1-0


[Site "https://www.chess.com"]

[Event "Titled Tuesday Blitz August 08 Late 2023"]
[White "Deng, Henry"]
[Black "Sebag, Marie"]
[WhiteFideId "30965454"]
[BlackFideId "617822"]
[WhiteElo "2579"]
[BlackElo "2495"]
[Result "1/2-1/2"]
[Round "8"]
[TimeControl "180+1"]
[Date "2023.08.08"]
[WhiteClock "0:00:44"]
[BlackClock "0:00:12"]
[Board "62"]

1. e4 c5 2. Nf3 d6 3. c3 Nf6 4. Be2 Nbd7 5. d3 b6 6. O-O Bb7 7. Nbd2 g6 8. Re1 Bg7 9. Bf1 O-O 10. b3 e5 11. Bb2 Re8 12. g3 Qc7 13. Bg2 Rad8 14. d4 exd4 15. cxd4 Nxe4 16. Rc1 Nxd2 17. Qxd2 Nf6 18. b4 Ne4 19. Qc2 f5 20. dxc5 Bxb2 21. Qxb2 dxc5 22. bxc5 bxc5 23. Rb1 Bd5 24. Rec1 c4 25. Nd4 c3 26. Qa3 Rc8 27. Nb5 Qe5 28. Re1 c2 29. Rbc1 Ba8 30. Qb3+ Bd5 31. Qa3 Bf7 32. Bxe4 fxe4 33. Nd6 Qe7 34. Qa6 Qe6 35. Qa3 Qe7 36. Qa6 Qe6 37. Qa3 Qe7 1/2-1/2


[Site "https://www.chess.com"]

[Event "Titled Tuesday Blitz August 08 Late 2023"]
[White "Krishnan, Varun"]
[Black "maksimys18"]
[WhiteFideId "5054508"]
[WhiteElo "2576"]
[BlackElo "2489"]
[Result "1-0"]
[Round "8"]
[TimeControl "180+1"]
[Date "2023.08.08"]
[WhiteClock "0:01:58"]
[BlackClock "0:00:50"]
[Board "63"]

1. d4 e6 2. c4 d5 3. Nc3 Be7 4. Nf3 Nf6 5. Bf4 O-O 6. e3 b6 7. cxd5 exd5 8. Bd3 Be6 9. O-O c5 10. Ne5 Bd6 11. Qf3 cxd4 12. exd4 a6 13. Bg5 Nbd7 14. Nxd7 Qxd7 15. Bxf6 gxf6 16. Qxf6 Be7 17. Qh6 f5 18. Rfe1 Rf6 19. Qh5 Raf8 20. Re3 Bd6 21. Rae1 f4 22. Rxe6 Rxe6 23. Rxe6 Rf7 24. Re1 f3 25. Nxd5 fxg2 26. Bxh7+ Rxh7 27. Nf6+ Kh8 28. Re8+ Kg7 29. Qxh7+ Kxf6 30. Qxd7 1-0


[Site "https://www.chess.com"]

[Event "Titled Tuesday Blitz August 08 Late 2023"]
[White "Garakov, Mikhael"]
[Black "Zirkelbach, Maj"]
[WhiteFideId "4169034"]
[BlackFideId "14613395"]
[WhiteElo "2489"]
[BlackElo "2574"]
[Result "1-0"]
[Round "8"]
[TimeControl "180+1"]
[Date "2023.08.08"]
[WhiteClock "0:01:33"]
[BlackClock "0:00:12"]
[Board "64"]

1. e4 e5 2. Nf3 Nc6 3. d4 exd4 4. Nxd4 Nf6 5. Nxc6 bxc6 6. e5 Qe7 7. Qe2 Nd5 8. c4 Ba6 9. b3 g6 10. f4 f6 11. Bb2 Bg7 12. exf6 Qxe2+ 13. Bxe2 Nxf6 14. Nd2 O-O 15. O-O-O d6 16. Bf3 Bb7 17. Rhe1 Rae8 18. Kc2 Bh6 19. g3 Kf7 20. Bc3 Rxe1 21. Rxe1 Re8 22. Rxe8 Nxe8 23. Kd3 Ke7 24. b4 a6 25. a4 Kd7 26. Nb3 Bc8 27. Na5 c5 28. Bg4+ Kd8 29. Nc6# 1-0


[Site "https://www.chess.com"]